 Dungeon Crawl Stone Soup version 0.29.0-4-gdea44cf6ec (webtiles) character file.

Game seed: 1872687616567764381

1582 qw the Grappler (level 8, -9/78 HPs)
             Began as a Troll Cinder Acolyte on Sept 3, 2022.
             Was a High Priest of Ignis.
             Mangled by a two-headed ogre
             ... wielding a +0 giant spiked club
              (24 damage)
             ... on level 6 of the Dungeon.
             The game lasted 00:03:20 (5026 turns).

qw the Grappler (Troll Cinder Acolyte)              Turns: 5026, Time: 00:03:20

Health: -9/78      AC: 11    Str: 24 (25) XL:     8   Next: 60%
Magic:  8/8        EV:  9    Int:  7 (10) God:    Ignis [*****.]
Gold:   383        SH:  0    Dex:  3 (5)  Spells: 9/9 levels left

rFire   + . .      SeeInvis .     - Unarmed
rCold   . . .      Faith    .   (no shield)
rNeg    + . .      Spirit   .   a - +0 robe
rPois   .          Reflect  .   (helmet restricted)
rElec   .          Harm     .   (no cloak)
rCorr   .          Rampage  .   (gloves unavailable)
Will    .....                   (boots unavailable)
Stlth   +.........              (no amulet)
HPRegen 1.03/turn               j - ring of positive energy
MPRegen 0.11/turn               (no ring)

@: about to teleport, fiery-armoured
A: large, unfitting armour, claws 3, regeneration 1, shaggy fur 1, tough skin 1
a: Renounce Religion, Fiery Armour, Foxfire Swarm, Rising Flame


You were on level 6 of the Dungeon.
You worshipped Ignis.
Ignis was extremely pleased with you.
You visited 1 branch of the dungeon, and saw 6 of its levels.
You also visited: Ossuary.

You collected 383 gold pieces.


Innate Abilities, Weirdness & Mutations

You are too large for most types of armour.
You have claws for hands.
Your natural rate of healing is unusually fast.
You are covered in fur. (AC +1)
You have tough skin. (AC +1)


   Skills:
 - Level 4.1 Fighting
 - Level 1.6 Dodging
 + Level 10.3 Unarmed Combat
 - Level 1.0 Spellcasting
 - Level 2.1 Fire Magic


You had 9 spell levels left.
You didn't know any spells.
Your spell library contained the following spells:

 Spells                   Type           Power      Damage    Failure   Level
 Scorch                   Fire           6%         2d5       26%         2

Inventory:

Armour
 a - a +0 robe (worn)
Jewellery
 j - a ring of positive energy (left claw)
Scrolls
 d - a scroll of teleportation
 e - 3 scrolls of identify
 h - 3 scrolls of enchant weapon
 l - 2 scrolls of enchant armour
Potions
 b - 3 potions of might
 c - a potion of mutation
 f - 3 potions of cancellation
 g - 2 potions of haste
 k - 2 potions of curing

Dungeon Overview and Level Annotations

Branches:
Dungeon (6/15)             Temple (0/1) D:5         Ossuary (visited)

Altars:
Gozag


Message History

There are monsters nearby!
Existing waypoints: (1) D:4 (2) D:5 Assign waypoint to what number? (0-9, D - delete waypoint) Waypoint 1 re-assigned from D:4 to D:6.
The two-headed ogre hits you with a +0 giant spiked club.
The two-headed ogre barely misses you.
You barely miss the two-headed ogre. You mangle the two-headed ogre!!
The two-headed ogre is heavily wounded.
The shadow imp closely misses you.
The two-headed ogre hits you with a +0 giant spiked club!
The two-headed ogre hits you with a +0 giant club!!
You claw the two-headed ogre!
The two-headed ogre is severely wounded.
The shadow imp hits you.
You claw the two-headed ogre!
The two-headed ogre is almost dead.
The shadow imp closely misses you.
The two-headed ogre hits you with a +0 giant spiked club!!
The two-headed ogre hits you with a +0 giant club.
5024 ||| READING 2 scrolls of teleportation.
As you read the scroll of teleportation, it crumbles to dust.
You feel strangely unstable. The shadow imp hits you.
5025 ||| DRINKING potion of heal wounds.
You feel much better. The two-headed ogre misses you.
The two-headed ogre hits you with a +0 giant club.
The shadow imp barely misses you.
5026 ||| INVOKING Fiery Armour.
A protective cloak of flame settles atop you.
The shadow imp hits you.
The shadow imp is burned by your cloak of flames.
The shadow imp is heavily wounded.
The two-headed ogre hits you with a +0 giant spiked club!
The two-headed ogre is burned by your cloak of flames.
The two-headed ogre is almost dead.
The two-headed ogre hits you with a +0 giant club!!
You die...

.......
............
#..........
##.........
#......... # .
.........###.#...
#......5.......
#......@O......
#..##<.##......
##.# .#.#. ### #


You could see a two-headed ogre and a shadow imp.

Vanquished Creatures
  Grinder (D:3)
  Sigmund (D:3)
  Eustachio (D:4)
  Menkaure (Ossuary)
  A black bear (D:5)
  An ice beast (D:5)
  A scorpion (D:5)
  5 centaur zombies (Ossuary)
  A human zombie (Ossuary)
  An iguana (D:4)
  An orc priest (D:4)
  Ijyb (D:3)
  Terence (D:3)
  Natasha (thrice) (D:3)
  An orc wizard (D:5)
  6 mummies (Ossuary)
  3 gnolls (D:5)
  7 adders
  3 ufetubi (D:5)
  3 adder zombies (Ossuary)
  3 worms
  5 dart slugs
  14 orcs
  6 ball pythons
  11 endoplasms
  A giant cockroach (D:2)
  9 goblins
  6 hobgoblins
  4 jackals (D:3)
  13 kobolds
  5 quokkas
  11 bats
  3 frilled lizards
  6 goblin zombies (Ossuary)
  3 hobgoblin zombies (Ossuary)
  2 kobold zombies (Ossuary)
  5 quokka zombies (Ossuary)
  7 rats
  5 rat zombies (Ossuary)
162 creatures vanquished.

Vanquished Creatures (others)
  A plant (D:4)
  6 toadstools (D:3)
7 creatures vanquished.

Grand Total: 169 creatures vanquished

Notes
Turn   | Place    | Note
-------+----------+-------------------------------------------
     0 | D:1      | qw the Troll Cinder Acolyte began the quest for the Orb.
     0 | D:1      | Reached XP level 1. HP: 22/22 MP: 1/1
     0 | D:1      | 0 ||| qw: Version: 0.1-a-100-g36b9a1f
     0 | D:1      | 0 ||| qw: Game counter: 5033
     0 | D:1      | 0 ||| qw: Always use a shield: true
     0 | D:1      | 0 ||| qw: God list: Okawaru
     0 | D:1      | 0 ||| qw: Allow faded altars: false
     0 | D:1      | 0 ||| qw: Do Orc after D:15 true
     0 | D:1      | 0 ||| qw: Do second Lair branch before Depths: true
     0 | D:1      | 0 ||| qw: Lair rune preference: random
     0 | D:1      | 0 ||| qw: Plans: Normal
     0 | D:1      | 0 ||| PLANNING D:1-11
    96 | D:1      | 96 ||| Stepping ~*~*~tactically~*~*~ (stealth).
   101 | D:1      | 101 ||| Stepping ~*~*~tactically~*~*~ (stealth).
   102 | D:1      | 102 ||| Stepping ~*~*~tactically~*~*~ (stealth).
   140 | D:1      | Reached XP level 2. HP: 29/29 MP: 2/2
   142 | D:1      | 142 ||| Stepping ~*~*~tactically~*~*~ (hiding).
   273 | D:1      | 273 ||| Stepping ~*~*~tactically~*~*~ (stealth).
   274 | D:1      | 274 ||| Stepping ~*~*~tactically~*~*~ (stealth).
   399 | D:1      | Reached skill level 4 in Unarmed Combat
   499 | D:1      | Reached XP level 3. HP: 36/36 MP: 3/3
   503 | D:1      | 503 ||| Stepping ~*~*~tactically~*~*~ (outnumbered).
   523 | D:1      | Found a faded altar of an unknown god.
   756 | D:1      | 756 ||| Stepping ~*~*~tactically~*~*~ (hiding).
   995 | D:1      | 995 ||| READING 3 scrolls labelled XARUAMUNEC.
   996 | D:1      | 996 ||| READING scroll labelled XYCODGHY HUESTRO.
   997 | D:1      | 997 ||| READING scroll labelled DISUVU GUHA.
   998 | D:1      | 998 ||| READING scroll labelled VYLOYHO CYMEP.
  1001 | D:1      | 1001 ||| READING scroll labelled ROGIJOU SULE.
  1002 | D:1      | 1002 ||| READING 2 scrolls of identify.
  1002 | D:1      | 1002 ||| IDENTIFYING smoky puce potion
  1003 | D:1      | 1003 ||| DROPPING potion of berserk rage.
  1004 | D:1      | 1004 ||| DROPPING scroll of immolation.
  1022 | D:2      | 1022 ||| Stepping ~*~*~tactically~*~*~ (stealth).
  1025 | D:2      | 1025 ||| Stepping ~*~*~tactically~*~*~ (stealth).
  1032 | D:2      | 1032 ||| Stepping ~*~*~tactically~*~*~ (stealth).
  1041 | D:2      | 1041 ||| Stepping ~*~*~tactically~*~*~ (outnumbered).
  1095 | D:2      | 1095 ||| Stepping ~*~*~tactically~*~*~ (hiding).
  1405 | D:2      | Reached XP level 4. HP: 44/44 MP: 4/4
  1513 | D:2      | Reached skill level 5 in Unarmed Combat
  1688 | D:2      | 1688 ||| READING scroll of teleportation.
  1690 | D:2      | 1690 ||| FLEEEEING.
  1691 | D:2      | 1691 ||| FLEEEEING.
  1692 | D:2      | 1692 ||| FLEEEEING.
  2006 | D:2      | 2006 ||| READING scroll labelled AZESSA LOSS.
  2007 | D:2      | 2007 ||| READING 3 scrolls labelled WENOS WOTOOBI.
  2008 | D:2      | 2008 ||| READING scroll labelled WIREME RACIAT.
  2041 | D:3      | Noticed Natasha
  2044 | D:3      | Killed Natasha
  2211 | D:3      | 2211 ||| Stepping ~*~*~tactically~*~*~ (hiding).
  2419 | D:3      | Noticed Terence
  2420 | D:3      | 2420 ||| Stepping ~*~*~tactically~*~*~ (hiding).
  2422 | D:3      | 2422 ||| Stepping ~*~*~tactically~*~*~ (hiding).
  2431 | D:3      | Killed Terence
  2432 | D:3      | Reached XP level 5. HP: 35/50 MP: 5/5
  2527 | D:3      | Noticed Natasha
  2535 | D:3      | Killed Natasha
  2536 | D:3      | Reached skill level 6 in Unarmed Combat
  2574 | D:3      | Noticed Sigmund
  2590 | D:3      | Killed Sigmund
  2591 | D:3      | Reached skill level 7 in Unarmed Combat
  2591 | D:3      | Reached XP level 6. HP: 22/59 MP: 6/6
  2605 | D:3      | Noticed Natasha
  2606 | D:3      | 2606 ||| FLEEEEING.
  2636 | D:3      | 2636 ||| Stepping ~*~*~tactically~*~*~ (stealth).
  2638 | D:3      | 2638 ||| Stepping ~*~*~tactically~*~*~ (hiding).
  2647 | D:3      | Killed Natasha
  2695 | D:3      | Noticed Ijyb
  2696 | D:3      | 2696 ||| Stepping ~*~*~tactically~*~*~ (hiding).
  2699 | D:3      | Noticed Grinder
  2699 | D:3      | Paralysed by Grinder for 4 turns
  2704 | D:3      | 2704 ||| INVOKING Fiery Armour.
  2709 | D:3      | Killed Ijyb
  2710 | D:3      | 2710 ||| Stepping ~*~*~tactically~*~*~ (hiding).
  2717 | D:3      | Paralysed by Grinder for 2 turns
  2722 | D:3      | Killed Grinder
  2723 | D:3      | Reached skill level 8 in Unarmed Combat
  2723 | D:3      | Reached XP level 7. HP: 48/66 MP: 7/7
  2781 | D:3      | 2781 ||| Stepping ~*~*~tactically~*~*~ (stealth).
  3015 | D:3      | 3015 ||| READING scroll labelled YRIQYS WIA.
  3016 | D:3      | 3016 ||| READING 6 scrolls of identify.
  3016 | D:3      | 3016 ||| IDENTIFYING fizzy grey potion
  3017 | D:3      | 3017 ||| READING 5 scrolls of identify.
  3017 | D:3      | 3017 ||| IDENTIFYING smoky grey potion
  3018 | D:3      | 3018 ||| READING 4 scrolls of identify.
  3018 | D:3      | 3018 ||| IDENTIFYING murky coppery potion
  3019 | D:3      | 3019 ||| READING 3 scrolls of identify.
  3019 | D:3      | 3019 ||| IDENTIFYING bubbling white potion
  3020 | D:3      | 3020 ||| DROPPING potion of brilliance.
  3021 | D:3      | 3021 ||| DROPPING potion of lignification.
  3045 | D:4      | 3045 ||| Stepping ~*~*~tactically~*~*~ (stealth).
  3046 | D:4      | 3046 ||| Stepping ~*~*~tactically~*~*~ (stealth).
  3119 | D:4      | Reached skill level 3 in Fighting
  3357 | D:4      | Noticed Eustachio
  3358 | D:4      | 3358 ||| Stepping ~*~*~tactically~*~*~ (stealth).
  3359 | D:4      | 3359 ||| Stepping ~*~*~tactically~*~*~ (stealth).
  3360 | D:4      | 3360 ||| Stepping ~*~*~tactically~*~*~ (stealth).
  3364 | D:4      | 3364 ||| Stepping ~*~*~tactically~*~*~ (outnumbered).
  3365 | D:4      | 3365 ||| Stepping ~*~*~tactically~*~*~ (outnumbered).
  3366 | D:4      | 3366 ||| Stepping ~*~*~tactically~*~*~ (outnumbered).
  3367 | D:4      | 3367 ||| Stepping ~*~*~tactically~*~*~ (outnumbered).
  3368 | D:4      | 3368 ||| Stepping ~*~*~tactically~*~*~ (outnumbered).
  3369 | D:4      | 3369 ||| Stepping ~*~*~tactically~*~*~ (outnumbered).
  3370 | D:4      | 3370 ||| Stepping ~*~*~tactically~*~*~ (outnumbered).
  3371 | D:4      | 3371 ||| Stepping ~*~*~tactically~*~*~ (outnumbered).
  3372 | D:4      | 3372 ||| Stepping ~*~*~tactically~*~*~ (outnumbered).
  3376 | D:4      | 3376 ||| FLEEEEING.
  3377 | D:4      | 3377 ||| FLEEEEING.
  3378 | D:4      | 3378 ||| FLEEEEING.
  3395 | D:4      | Killed Eustachio
  3397 | D:4      | 3397 ||| FLEEEEING.
  3398 | D:4      | 3398 ||| FLEEEEING.
  3399 | D:4      | 3399 ||| FLEEEEING.
  3400 | D:4      | 3400 ||| FLEEEEING.
  3401 | D:4      | 3401 ||| FLEEEEING.
  3402 | D:4      | 3402 ||| FLEEEEING.
  3433 | D:4      | 3433 ||| Stepping ~*~*~tactically~*~*~ (stealth).
  3438 | D:4      | Reached skill level 9 in Unarmed Combat
  3723 | D:4      | 3723 ||| READING 3 scrolls of identify.
  3723 | D:4      | 3723 ||| IDENTIFYING amethyst potion
  3724 | D:4      | 3724 ||| READING 2 scrolls of identify.
  3724 | D:4      | 3724 ||| IDENTIFYING silvery potion
  3725 | D:4      | 3725 ||| DROPPING potion of flight.
  3755 | D:5      | Entered Level 5 of the Dungeon
  3756 | D:5      | 3756 ||| PLANNING OSSUARY
  3759 | D:5      | Reached skill level 1 in Dodging
  3788 | D:5      | Reached XP level 8. HP: 68/75 MP: 8/8
  4109 | D:5      | Found a staircase to the Ecumenical Temple.
  4349 | D:5      | Found a sand-covered staircase.
  4350 | D:5      | 4350 ||| DROPPING ring of magical power.
  4351 | D:5      | 4351 ||| UPGRADING to ring of positive energy.
  4358 | Ossuary  | Entered an ossuary
  4549 | Ossuary  | 4549 ||| Stepping ~*~*~tactically~*~*~ (stealth).
  4626 | Ossuary  | Reached skill level 10 in Unarmed Combat
  4675 | Ossuary  | Noticed Menkaure
  4678 | Ossuary  | 4678 ||| Stepping ~*~*~tactically~*~*~ (hiding).
  4684 | Ossuary  | 4684 ||| Stepping ~*~*~tactically~*~*~ (hiding).
  4693 | Ossuary  | Killed Menkaure
  4787 | Ossuary  | 4787 ||| READING 3 scrolls labelled SULIUF AMAIXIA.
  4788 | Ossuary  | 4788 ||| DRINKING 2 white potions.
  4789 | Ossuary  | 4789 ||| DRINKING 2 dark potions.
  4790 | Ossuary  | 4790 ||| READING 4 scrolls of identify.
  4790 | Ossuary  | 4790 ||| IDENTIFYING clear potion
  4791 | Ossuary  | 4791 ||| DROPPING potion of degeneration.
  4792 | Ossuary  | 4792 ||| DROPPING 2 scrolls of magic mapping.
  4811 | D:5      | 4811 ||| PLANNING D:1-11
  4923 | D:5      | Found an opulent altar of Gozag.
  5017 | D:6      | Noticed a two-headed ogre
  5023 | D:6      | HP: 15/78 [two-headed ogre/+0 giant spiked club (27)]
  5024 | D:6      | 5024 ||| READING 2 scrolls of teleportation.
  5025 | D:6      | 5025 ||| DRINKING potion of heal wounds.
  5026 | D:6      | 5026 ||| INVOKING Fiery Armour.
  5026 | D:6      | Mangled by a two-headed ogre

Levels and vault maps discovered:
D:1:      giann_wishing_wells, layout_basic, hellmonk_ecumenical_altar_blasted,
          minmay_misc_feat_plants, minmay_small_reverse_x
D:2:      minmay_spotlight, layout_basic, serial_glass, glass_columns_b,
          glass_columns_a, glass_columns_a, glass_columns_a, glass_columns_b,
          glass_columns_a, glass_columns_a, glass_columns_c
D:3:      layout_basic, nicolae_eternal_life, grunt_ministairs_7,
          nicolae_kite_square_tiling_tiny, minmay_gold_behind_fungi,
          uniq_natasha, uniq_ijyb, uniq_sigmund, uniq_grinder, uniq_terence
D:4:      layout_basic, saegor_snake_ambush, uniq_eustachio
D:5:      layout_cave_pods, nicolae_gozag_seed_capital, temple_pool_b,
          nicolae_ossuary_entry_monument
D:6:      minmay_chambers_of_sixes, layout_cave_pools, serial_shops, shop

Skill      XL: |  1  2  3  4  5  6  7  8 |
---------------+-------------------------+-----
Unarmed Combat | 4 5 7 8 9 10 | 10.3
Fighting       | 3 4 |  4.1
Dodging        | 1 |  1.6
Spellcasting   | |  1.0
Fire Magic     | |  2.1

Action                   |  1- 3 |  4- 6 |  7- 9 || total
-------------------------+-------+-------+-------++-------
Melee: Unarmed           |   112 |    98 |   208 ||   418
       Punch             |     1 |     1 |     7 ||     9
Throw: Boomerang         |       |       |    24 ||    24
Invok: Fiery Armour      |       |     1 |     1 ||     2
  Use: Scroll            |     6 |     4 |    10 ||    20
       Potion            |       |       |     3 ||     3
Armor: Robe              |    35 |    38 |    48 ||   121
Dodge: Dodged            |    45 |    33 |    72 ||   150

Table legend:
 A = Non-vault XP
 B = Vault XP
 C = Vault XP percentage of total XP
 D = Non-vault monster count
 E = Vault monster count
 F = Vault count percentage of total count
                 A         B        C        D         E       F
            +---------+---------+-------+---------+---------+-------
      Total |     827 |    1433 |  63.4 |     107 |      55 |  34.0
            +---------+---------+-------+---------+---------+-------
        D:1 |      60 |       6 |   9.1 |      32 |       4 |  11.1
        D:2 |      57 |       6 |   9.5 |      22 |       3 |  12.0
        D:3 |     110 |     589 |  84.3 |      17 |       7 |  29.2
        D:4 |     139 |     236 |  62.9 |      21 |       4 |  16.0
        D:5 |     461 |       0 |   0.0 |      15 |       0 |   0.0
    Ossuary |       0 |     596 | 100.0 |       0 |      37 | 100.0
            +---------+---------+-------+---------+---------+-------
